 Dungeon Crawl Stone Soup version 0.29.1-12-g30fa7ad0bf (webtiles) character file.

Game seed: 10654834006714134269

64 wormed the Magician (level 3, -4/24 HPs)
             Began as a Demonspawn Venom Mage on Dec 28, 2022.
             Slain by Natasha (8 damage)
             ... on level 2 of the Dungeon.
             The game lasted 00:04:52 (1982 turns).

wormed the Magician (Demonspawn Venom Mage)         Turns: 1982, Time: 00:04:53

Health: -4/24      AC:  2    Str:  8    XL:     3   Next: 91%
Magic:  0/8        EV: 12    Int: 18    God:
Gold:   32         SH:  0    Dex: 13    Spells: 6/9 levels left

rFire   . . .      SeeInvis .   i - +0 short sword
rCold   . . .      Faith    .   (no shield)
rNeg    . . .      Spirit   .   a - +0 robe
rPois   .          Reflect  .   (no helmet)
rElec   .          Harm     .   (no cloak)
rCorr   .          Rampage  .   (no gloves)
Will    .....                   (no boots)
Stlth   ++........              (no amulet)
HPRegen 0.08/turn               (no ring)
MPRegen 0.11/turn               (no ring)

@: no status effects
A: demonic guardian 1, demonic magic 1
a: no special abilities


You were on level 2 of the Dungeon.
You visited 1 branch of the dungeon, and saw 2 of its levels.

You collected 32 gold pieces.

Inventory:

Hand Weapons
 i - a +0 short sword (weapon)
Armour
 a - a +0 robe (worn)
Scrolls
 b - 2 scrolls of immolation {unknown}
 e - a scroll of teleportation {unknown}
 f - a scroll of blinking {unknown}
 g - 2 scrolls of identify {unknown}
 h - a scroll of poison {unknown}


   Skills:
 - Level 2.0 Dodging
 - Level 2.0 Stealth
 + Level 3.8 Spellcasting
 - Level 1.0 Transmutations
 - Level 3.0 Poison Magic


You had 6 spell levels left.
You knew the following spells:

 Your Spells              Type           Power      Damage    Failure   Level
a - Sting                 Tmut/Pois      40%        1d5       7%          1
b - Poisonous Vapours     Pois/Air       16%        N/A       12%         2

Your spell library contained the following spells:

 Spells                   Type           Power      Damage    Failure   Level
 Blink                    Tloc           6%         N/A       22%         2
 Mephitic Cloud           Conj/Pois/Air  7%         N/A       30%         3
 Olgreb's Toxic Radiance  Pois           14%        N/A       41%         4
 Manifold Assault         Tloc           3%         N/A       99%         5
 Storm Form               Tmut/Air       2%         N/A       100%        7


Dungeon Overview and Level Annotations

Branches:
Dungeon (2/15)

Altars:

Shops:
D:1 ([(!(

Annotations:
D:2 Natasha, Sigmund


Innate Abilities, Weirdness & Mutations

A weak demonic guardian rushes to your aid.
Spells you cast may paralyse adjacent enemies.


Message History

You closely miss Natasha. Natasha barely misses you.
You barely miss Natasha. Natasha claws you.
Your magical contamination has completely faded away.
You closely miss Natasha. Natasha claws you!
Casting: Sting (safe; 7% risk of failure)
Confirm with . or Enter, or press ? or * to list all spells.
Aiming: Sting (safe; 7% risk of failure)
Press: ? - help, Shift-Dir - straight line, f/p - Natasha
Aim: Natasha (very poisoned, 64% to hit)
The sting misses Natasha.
Malevolent energies surge around you. Natasha claws you but does no damage.
Casting: Sting (safe; 7% risk of failure)
Confirm with . or Enter, or press ? or * to list all spells.
You don't have enough magic to cast this spell.
You hit Natasha.
Natasha is lightly wounded.
Natasha mumbles some strange words.
Casting: Sting (safe; 7% risk of failure)
Confirm with . or Enter, or press ? or * to list all spells.
You don't have enough magic to cast this spell.
You barely miss Natasha.
Natasha is lightly wounded.
Natasha misses you.
The white imp hits you but does no damage.
You feel better. Natasha completely misses you. The white imp hits you.
A demonic guardian appears!
The white imp freezes you.
You closely miss Natasha.
Natasha is moderately wounded.
Natasha misses you. The white imp hits you. The white imp freezes you.
Natasha claws you.
* * * LOW HITPOINT WARNING * * *
Casting: Sting (safe; 7% risk of failure)
Confirm with . or Enter, or press ? or * to list all spells.
You don't have enough magic to cast this spell.
You closely miss Natasha.
Natasha is moderately wounded.
Your ufetubus barely misses Natasha. x2; Your ufetubus closely misses Natasha.
Your ufetubus hits Natasha. The white imp closely misses you.
Natasha claws you!
You die...

################
#......#.......#
#.####.#.#####.#
####.#.#####.#####
#....#†#..........
#.##.......#.###..
#@##.#.#...#.# #..
#.5h5..#...[...#
#..
###.############
### #.. #.# #.#
#... #..# #..####


You could see Natasha (poisoned, ally target), a white imp (summoned) and a
friendly ufetubus (summoned).

Vanquished Creatures
  Natasha (D:2)
  A dart slug (D:1)
  5 endoplasms
  A giant cockroach (D:1)
  5 hobgoblins
  3 kobolds
  A quokka (D:1)
  3 ball pythons (D:1)
  4 bats (D:1)
  2 frilled lizards (D:1)
  4 goblins
  2 rats (D:1)
32 creatures vanquished.

Vanquished Creatures (collateral kills)
  A quokka (D:1)
  A frilled lizard (D:1)
2 creatures vanquished.

Grand Total: 34 creatures vanquished

Notes
Turn   | Place    | Note
-------+----------+-------------------------------------------
     0 | D:1      | wormed the Demonspawn Venom Mage began the quest for the
                  | Orb.
     0 | D:1      | Reached XP level 1. HP: 13/13 MP: 3/3
   109 | D:1      | Reached skill level 1 in Transmutations
   184 | D:1      | Gained mutation: A weak demonic guardian rushes to your
                  | aid. [demonic ancestry]
   184 | D:1      | Reached XP level 2. HP: 4/19 MP: 1/5
   187 | D:1      | Learned a level 2 spell: Poisonous Vapours
   432 | D:1      | Found Umamp's Antique Armour Emporium.
   712 | D:1      | Found Noymmusch's Weapon Emporium.
   739 | D:1      | Found a faded altar of an unknown god.
   936 | D:1      | Found Ibegreim's Weapon Shop.
   964 | D:1      | Found Hiepliy's Distillery.
  1096 | D:1      | Found Gaskouse's Antique Weapon Emporium.
  1328 | D:1      | Gained mutation: Spells you cast may paralyse adjacent
                  | enemies. [demonic ancestry]
  1328 | D:1      | Reached XP level 3. HP: 24/24 MP: 5/7
  1714 | D:2      | Noticed Sigmund
  1747 | D:2      | Noticed Natasha
  1754 | D:2      | Killed Natasha
  1965 | D:2      | Noticed Natasha
  1982 | D:2      | Slain by Natasha

Illustrated notes

Levels and vault maps discovered:
D:1:      nagdon_arrival_zigzag_paths, layout_loops_ring, serial_shops,
          nicolae_shop_bloodbath_and_beyond, nicolae_shop_behind_doors, shop,
          nicolae_shop_trees, nicolae_shop_stone,
          shapermc_ecumenical_altar_pompeii, minmay_misc_feat_encased
D:2:      minmay_alternating_diamond, layout_loops_cross, uniq_sigmund,
          uniq_robin, uniq_natasha

Skill      XL: |  1  2 |
---------------+-------+-----
Transmutations | 1 |  1.0
Dodging        | 2 |  2.0
Stealth        | 2 |  2.0
Spellcasting   | 3 |  3.8
Poison Magic   | |  3.0

Action                   || total
-------------------------++-------
Melee: Club              ||    24
       Punch             ||     1
       Short sword       ||    18
 Cast: Sting             ||    49
       Poisonous Vapours ||    11
  Use: Potion            ||     3
 Stab: Paralysed         ||     3
Armor: Robe              ||     9
Dodge: Dodged            ||    30
